 Dungeon Crawl Stone Soup version 0.30.1-9-gdf580d7c3d (webtiles) character file.

Game seed: 5782223561931664130

533739 Amplified the Slayer (level 25, -16/215 HPs)
             Began as a Mummy Artificer on Oct 9, 2023.
             Was an Initiate of Gozag.
             Killed from afar by a hellion (36 damage)
             ... with damnation
             ... on level 6 of the Abyss on Oct 10, 2023.
             The game lasted 01:40:32 (61277 turns).

Amplified the Slayer (Mummy Artificer)             Turns: 61277, Time: 01:40:33

Health: -16/215    AC: 40    Str: 24 (25) XL:     25   Next: 4%
Magic:  42/42      EV:  6    Int: 12 (20) God:    Gozag
Gold:   117        SH: 17    Dex:  7 (12) Spells: 52/54 levels left

rFire   + + +        x - +10 broad axe "Mummy's Death" {flame, Fly}
rCold   + + +        a - +5 Storm Queen's Shield {shock, Fly rElec}
rNeg    + + +        d - +9 scales of the Dragon King {rPois rF+ rC+ Will+}
rPois   ∞            u - +2 helmet {Int+3}
rElec   +            D - scarf {rC+ rF+}
rCorr   +            p - +2 pair of gloves
SInv    +            z - +2 pair of boots {Stlth+}
Will    ++++.        S - amulet of Edipleitep {rN+ Regen+ Int+4} Stlth
                     R - ring "Goiss" {Str+2 Dex-2 Slay+4 SInv}
HPRegen 0.55/turn    H - ring of protection from fire
MPRegen 0.28/turn

%: faith
@: mighty, about to teleport, resistant, gold aura, flying, studying 2 skills
A: cold resistance 1, negative energy resistance 3, torment resistance 2, heat
vulnerability 1, in touch with death 2, no potions, faith
}: 2/15 runes: decaying, serpentine
a: Renounce Religion, Potion Petition, Call Merchant, Bribe Branch


You were on level 6 of the Abyss.
You worshipped Gozag.
Gozag was aware of your devotion.
You visited 9 branches of the dungeon, and saw 44 of its levels.
You visited the Abyss 1 time.
You also visited: Gauntlet, Ice Cave, Volcano and Wizlab.

You collected 28378 gold pieces.
You spent 12546 gold pieces at shops.
You paid 15715 gold pieces to Gozag.

Inventory:

Hand Weapons
 h - the +10 lajatang of Jeam {freeze, Int+2}
   (You found it on level 3 of the Depths)

   Int:       It affects your intelligence (+2).
 l - a +9 broad axe of chaos
 o - the +9 trident of Destiny {freeze, rF+}
   (You found it on level 8 of the Dungeon)

   rF:        It protects you from fire.
 x - the +10 broad axe "Mummy's Death" (weapon) {flame, Fly}
   (You took it off a spriggan rider on level 4 of the Swamp)

   Fly:       It grants you flight.
 Q - the +8 Wrath of Trog {antimagic, *Rage Rampage}
   (You found it on level 4 of the Vaults)

   It causes slowness and exhaustion when equipped.
   It extends the wielder's berserk rage when killing foes.
   *Rage:     It berserks you when you make melee attacks (+50% chance).
   Rampage:   It bestows one free step when moving towards enemies.
Missiles
 b - 52 poisoned darts (quivered)
 v - 5 throwing nets
 M - 15 curare-tipped darts
Armour
 a - the +5 Storm Queen's Shield (worn) {shock, Fly rElec}
   (You bought it in a shop on level 12 of the Dungeon)

   Shock:     When it blocks an attack, it may electrocute the attacker.
   This works even against foes who are a short distance away.
   rElec:     It insulates you from electricity.
   Fly:       It grants you flight.
 d - the +9 scales of the Dragon King (worn) {rPois rF+ rC+ Will+}
   (You bought it in a shop on level 11 of the Dungeon)

   rF:        It protects you from fire.
   rC:        It protects you from cold.
   rPois:     It protects you from poison.
   Will:      It increases your willpower.
 e - a +0 robe
 i - the +2 pair of gloves of Kikubaaqudgha, Brewing {rC++ rN++ Dex-3}
   (You bought it in a shop on level 1 of the Vaults)

   Dex:       It affects your dexterity (-3).
   rC:        It greatly protects you from cold.
   rN:        It greatly protects you from negative energy.
 p - a +2 pair of gloves (worn)
 s - the +0 pair of gloves of Inaction {-Tele Will+ Int+4}
   (You acquired it on level 6 of the Dungeon)

   Int:       It affects your intelligence (+4).
   -Tele:     It prevents most forms of teleportation.
   Will:      It increases your willpower.
 u - a +2 helmet of intelligence (worn)
 z - a +2 pair of boots of stealth (worn)
 D - a scarf of resistance (worn)
Jewellery
 c - the ring of the Hare {EV+10}
   (You found it in a Gauntlet)

   [ring of evasion]

   EV:        It affects your evasion (+10).
 H - a ring of protection from fire (right hand)
 J - a ring of protection from cold
 R - the ring "Goiss" (left hand) {Str+2 Dex-2 Slay+4 SInv}
   (You found it on level 4 of the Vaults)

   [ring of slaying]

   Str:       It affects your strength (+2).
   Dex:       It affects your dexterity (-2).
   Slay:      It affects your accuracy & damage with ranged weapons and melee
   (+4).
   SInv:      It lets you see invisible.
 S - the amulet of Edipleitep (around neck) {rN+ Regen+ Int+4}
   (You took it off a moon troll in a wizard's laboratory)

   [amulet of regeneration]

   Int:       It affects your intelligence (+4).
   rN:        It protects you from negative energy.
   Regen:     It increases your rate of health regeneration.
 U - the ring "Naziast" {Wiz SInv}
   (You found it in a wizard's laboratory)

   [ring of wizardry]

   It improves your spell success rate.
   SInv:      It lets you see invisible.
 X - a ring of resist corrosion
 Y - the brooch of Shielding {Spirit SH+8}
   (You found it on level 3 of the Elven Halls)

   [amulet of guardian spirit]

   It causes incoming damage to be divided between your reserves of health and
   magic.
   SH:        It affects your SH (+8).
Wands
 k - a wand of acid (1)
 m - a wand of flame (100)
 q - a wand of polymorph (14)
 t - a wand of digging (33)
 w - a wand of paralysis (7)
 F - a wand of mindburst (73)
 K - a wand of roots (62)
Scrolls
 f - 8 scrolls of poison
 n - 8 scrolls of fog
 r - 7 scrolls of immolation
 y - 7 scrolls of amnesia
 B - 2 scrolls of silence
 C - 5 scrolls of butterflies
 E - 14 scrolls of teleportation
 G - 10 scrolls of fear
 L - 2 scrolls of enchant weapon
 V - 3 scrolls of magic mapping
Miscellaneous
 A - a phantom mirror
 P - a lightning rod (4/4)


   Skills:
 * Level 21.4 Fighting
 - Level 14.4(18.4) Axes
 - Level 3.6(12.2) Maces & Flails
 - Level 18.3(21.1) Polearms
 * Level 11.2(16.2) Staves
 - Level 10.8 Ranged Weapons
 * Level 15.0 Armour
 * Level 8.6 Dodging
 - Level 12.6 Stealth
 - Level 16.9 Shields
 * Level 15.1 Spellcasting
 * Level 7.1 Poison Magic
 - Level 2.7 Evocations


You had 52 spell levels left.
You knew the following spells:

 Your Spells              Type           Power      Damage    Failure   Level
a - Poisonous Vapours     Pois/Air       34%        N/A       69%         2

Your spell library contained the following spells:

 Spells                   Type           Power      Damage    Failure   Level
 Sting                    Tmut/Pois      68%        1d6       54%         1
 Olgreb's Toxic Radiance  Pois           26%        N/A       83%         4
 Cigotuvi's Dreadful Rot  Necr/Pois/Air  66%        N/A       85%         2
 Apportation              Tloc           18%        N/A       96%         1
 Foxfire                  Conj/Fire      36%        2x1d5     96%         1
 Shock                    Conj/Air       36%        1d5       96%         1
 Summon Small Mammal      Summ           36%        N/A       96%         1
 Ignite Poison            Fire/Tmut/Pois 14%        N/A       97%         3
 Mephitic Cloud           Conj/Pois/Air  14%        N/A       97%         3
 Blink                    Tloc           18%        N/A       99%         2
 Scorch                   Fire           18%        2d5       99%         2
 Searing Ray              Conj           18%        2d5       99%         2
 Call Canine Familiar     Summ           9%         N/A       100%        3
 Frozen Ramparts          Ice            18%        1d3       100%        3
 Gell's Gravitas          Tloc           9%         N/A       100%        3
 Inner Flame              Hex/Fire       9%         N/A       100%        3
 Portal Projectile        Hex/Tloc       18%        N/A       100%        3
 Summon Guardian Golem    Hex/Summ       9%         N/A       100%        3
 Swiftness                Air            9%         N/A       100%        3
 Teleport Other           Tloc           9%         N/A       100%        3
 Vampiric Draining        Necr           20%        2d7       100%        3
 Vhi's Electric Charge    Tloc/Air       18%        N/A       100%        3
 Volatile Blastmotes      Fire/Tloc      18%        2d11      100%        3
 Airstrike                Air            4%         2d(1-17)  100%        4
 Anguish                  Hex/Necr       10%        N/A       100%        4
 Animate Armour           Summ/Erth      18%        N/A       100%        4
 Cause Fear               Hex            4%         N/A       100%        4
 Dispel Undead            Necr           20%        3d11      100%        4
 Flame Wave               Conj/Fire      9%         2d6       100%        4
 Fulminant Prism          Conj/Hex       4%         3d5       100%        4
 Iskenderun's Mystic Bla  Conj/Tloc      9%         2d4       100%        4
 Leda's Liquefaction      Hex/Erth       4%         N/A       100%        4
 Manifold Assault         Tloc           9%         N/A       100%        4
 Passage of Golubria      Tloc           9%         N/A       100%        4
 Petrify                  Tmut/Erth      9%         N/A       100%        4
 Summon Ice Beast         Ice/Summ       9%         N/A       100%        4
 Alistair's Intoxication  Tmut/Pois      11%        N/A       100%        5
 Arcjolt                  Conj/Air       4%         1d14      100%        5
 Borgnjor's Vile Clutch   Necr/Erth      10%        N/A       100%        5
 Fireball                 Conj/Fire      4%         3d4       100%        5
 Freezing Cloud           Conj/Ice/Air   4%         6-21      100%        5
 Irradiate                Conj/Tmut      4%         3d13      100%        5
 Iskenderun's Battlesphe  Conj           9%         2d6       100%        5
 Lee's Rapid Deconstruct  Erth           4%         3d5*      100%        5
 Metabolic Englaciation   Hex/Ice        4%         N/A       100%        5
 Silence                  Hex/Air        4%         N/A       100%        5
 Summon Mana Viper        Hex/Summ       9%         N/A       100%        5
 Yara's Violent Unravell  Hex/Tmut       4%         3d4       100%        5
 Conjure Ball Lightning   Conj/Air       4%         3x3d6     100%        6
 Dispersal                Tloc           4%         N/A       100%        6
 Eringya's Noxious Bog    Tmut/Pois      8%         N/A       100%        6
 Iron Shot                Conj/Erth      4%         9d2       100%        6
 Plasma Beam              Fire/Air       4%         2x1d16    100%        6
 Starburst                Conj/Fire      4%         6d4       100%        6
 Summon Cactus Giant      Summ           4%         N/A       100%        6
 Enfeeble                 Hex            4%         N/A       100%        7
 Haunt                    Necr/Summ      10%        N/A       100%        7
 Monstrous Menagerie      Summ           4%         N/A       100%        7
 Orb of Destruction       Conj           4%         9d5       100%        7
 Ozocubu's Refrigeration  Ice            4%         4d8       100%        7
 Spellforged Servitor     Conj/Summ      4%         N/A       100%        7
 Discord                  Hex            4%         N/A       100%        8
 Ignition                 Fire           4%         3d4       100%        8
 Infestation              Necr           10%        N/A       100%        8
 Lehudib's Crystal Spear  Conj/Erth      4%         10d3      100%        8
 Maxwell's Capacitive Co  Air            4%         ∞         100%        8
 Dragon's Call            Summ           4%         N/A       100%        9
 Polar Vortex             Ice            4%         N/A       100%        9
 Sublimation of Blood     Necr           Unusable   N/A       N/A         2
 Animate Dead             Necr           Unusable   N/A       N/A         4
 Ice Form                 Ice/Tmut       Unusable   N/A       N/A         4
 Blade Hands              Tmut           Unusable   N/A       N/A         5
 Simulacrum               Ice/Necr       Unusable   N/A       N/A         6
 Statue Form              Tmut/Erth      Unusable   N/A       N/A         6
 Dragon Form              Tmut           Unusable   N/A       N/A         7
 Storm Form               Tmut/Air       Unusable   N/A       N/A         7
 Death's Door             Necr           Unusable   N/A       N/A         9

Dungeon Overview and Level Annotations

Branches:
Dungeon (15/15)            Temple (0/1) D:4            Lair (5/5) D:8
  Swamp (4/4) Lair:3        Snake (4/4) Lair:2        Slime (0/5) Lair:5
    Orc (2/2) D:11            Elf (3/3) Orc:2        Vaults (4/5) D:13
  Crypt (3/3) Vaults:2       Tomb (0/3) Crypt:3      Depths (4/4) D:15
    Zot (0/5) Depths:4      IceCv (visited)         Volcano (visited)
 WizLab (visited)         Gauntlet (visited)

Altars:
Ashenzari
Fedhas
Gozag
Kikubaaqudgha
Makhleb
Okawaru
Sif Muna
Yredelemnul
Jiyva
Lugonu

Shops:
D:3 (   D:6 ?   D:11 ([(   D:12 [   D:15 *   Orc:2 :([*   Elf:1 =[   Elf:3 (*(
Lair:3 ([   Snake:3 [   Snake:4 [   Vaults:1 *   Vaults:2 :   Depths:3 :
Depths:4 ?

Portals:
Hell: Depths:1 Depths:3 Depths:4
Abyss: Depths:3
Pandemonium: Depths:1 Depths:2
Ziggurat: Depths:3

Annotations:
Lair:3 Careful with difficulty spike
Elf:2 3 runed translucent doors
Vaults:3 3 runed translucent doors, TPoD's ghost, adept HOMo


Innate Abilities, Weirdness & Mutations

You are immune to poison.
Your flesh is cold resistant. (rC+)
You are immune to negative energy. (rN+++)
You are immune to unholy pain and torment.
You are vulnerable to heat. (rF-)
You are strongly in touch with the powers of death.
You do not drink.
You have a special connection with the divine. (Faith)


Message History

The spatial maelstrom barely misses you.
You block the spatial maelstrom's attack.
A spatial vortex comes into view.
Unknown command.
Unknown command.
Unknown command.
You slice the spatial maelstrom!! You burn the spatial maelstrom.
The spatial maelstrom is almost destroyed.
You hear a hideous shriek!
A spatial vortex comes into view.
You block the spatial maelstrom's attack.
The spatial maelstrom hits you but does no damage.
You hear a bark!
You slice the raiju!! You burn the raiju!
The raiju is almost dead.
You slash the large abomination! You burn the large abomination.
You slash the spatial maelstrom! You burn the spatial maelstrom.
You destroy the spatial maelstrom!
The large abomination is distracted by your dazzling golden aura.
Unknown command.
You barely miss the raiju.
The raiju is almost dead.
You slash the raiju! You burn the raiju. You slash the large abomination!
You burn the large abomination.
The large abomination is no longer distracted by gold.
You block the raiju's attack. x2
Unknown command.
You slice the raiju!! You burn the raiju.
You kill the raiju!
You closely miss the raiju. You slash the large abomination!
You burn the large abomination.
The large abomination is distracted by your dazzling golden aura.
Unknown command.
You block the raiju's attack.
Your shield discharges, shocking the raiju!
The raiju completely resists.
The glowing orange brain pulsates.
The hellion gestures at you.
The sphere of damnation explodes!
The damnation engulfs you!!!
You die...
Your body crumbles into a pile of gold.

.. ~ ~~
~.## ~#v#.
...# $
####
####§#
.$... $.§
. $
#$##.$# ..
# ##.##$#
### .
#X.@##
#..42X##h#
.v..3
#.3.# ....
.G#.#.#
....
3t.###..#
####.##
#.# #v ##
#


You could see a glowing orange brain, 2 spatial vortices, an apocalypse crab
(summoned), 2 large abominations, a hellwing, a hellion, a raiju and a neqoxec.

Vanquished Creatures
  A dread lich (Abyss:5)
  2 juggernauts
  Bai Suzhen (Vaults:2)
  5 caustic shrikes
  A curse toe (Crypt:3)
  Saint Roka (Vaults:2)
  Vashnia (Snake:2)
  4 bone dragons
  2 golden dragons
  the Enchantress (Depths:2)
  A shard shrike zombie (Abyss:2)
  A tentacled monstrosity (Depths:4)
  A Hell Sentinel (Abyss:6)
  Mlioglotl (Snake:4)
  A walking earthen tome (Depths:3)
  A deep elf blademaster (Elf:3)
  A moon troll (WizLab)
  A quicksilver dragon (Snake:4)
  A shard shrike skeleton (Crypt:1)
  A titan (Vaults:4)
  4 liches
  2 deep elf master archers (Elf:3)
  11 sphinxes
  Asterion (Snake:2)
  26 tentacled starspawn
  Frances (Snake:2)
  9 ancient champions
  The ghost of waddelsworth the Warrior, an adept MiBe of Trog (Swamp:3)
  2 tengu reavers (Depths:3)
  An Executioner (Abyss:3)
  2 shadow dragons (Depths:4)
  A draconian monk (Abyss:4)
  7 revenants
  Roxanne (Elf:3)
  5 nagarajas
  6 fire giants
  2 storm dragons (Depths:4)
  10 frost giants
  6 deep elf sorcerers
  A draconian scorcher (Depths:4)
  Aizul (Snake:4)
  11 vault wardens
  A draconian stormcaller (Abyss:3)
  A caustic shrike zombie (Crypt:3)
  4 deep elf elementalists (Elf:3)
  3 orc warlords
  3 spriggan defenders (Depths:2)
  12 ghouls
  The ghost of Kuralita the Martial Artist, a journeyman OpTm of Makhleb (D:15)
  An angel (Vaults:1)
  2 cacodemons
  A draconian annihilator (Depths:4)
  A curse skull (Crypt:1)
  9 vampire knights
  A reaper (Crypt:2)
  A broodmother (shapeshifter) (Abyss:5)
  9 ironbound preservers
  13 stone giants
  A war gargoyle (Vaults:4)
  31 very ugly things
  An ophan (Abyss:4)
  2 black draconians (Depths:4)
  4 eleionomae
  5 deep elf demonologists
  9 ironbound thunderhulks
  2 red draconians (Depths:4)
  5 spark wasps
  2 white draconians (Depths:4)
  16 dire elephants
  A minotaur (Gauntlet)
  6 deep elf annihilators
  3 lorocyprocas
  Azrael (D:14)
  9 bunyips
  2 purple draconians
  A blizzard demon (Depths:1)
  8 eidola
  5 crystal guardians
  The ghost of ababab the Spry, a journeyman FeEn of Dithmenos (Snake:1)
  7 ettins
  5 deep elf death magi
  A merfolk javelineer (Depths:3)
  2 merfolk impalers (Depths:3)
  16 fire dragons
  7 ice dragons
  10 great orbs of eyes
  8 jiangshi
  A shambling mangrove (Swamp:3)
  3 deep elf high priests
  Harold (D:11)
  19 hydras
  11 rakshasas
  3 salamander tyrants (Snake:4)
  11 vault guards
  2 peacekeepers (Vaults:4)
  A spriggan zombie (Abyss:4)
  An ogre mage (Vaults:2)
  5 ghost crabs (Swamp:1)
  10 yaktaur captains
  A catoblepas (Lair:4)
  7 ironbound frosthearts
  An anaconda (shapeshifter) (Abyss:5)
  4 spriggan air magi
  A spriggan skeleton (Crypt:3)
  8 anacondas
  2 boulder beetles
  14 dancing weapons
  10 two-headed ogres
  16 alligators
  2 centaur warriors (D:14)
  A fenstrider witch skeleton (Crypt:1)
  7 deep troll shamans
  3 death yaks (Lair:5)
  11 naga warriors
  3 tengu warriors
  30 thrashing horrors
  2 death scarabs (Gauntlet)
  2 orc high priests
  9 deep troll earth magi
  Urug (D:10)
  5 spriggan berserkers
  12 naga sharpshooters
  4 vampire magi
  4 shock serpents
  3 soul eaters
  9 deep elf knights
  25 hell knights
  15 wretched stars
  Sonja (Lair:5)
  4 fire crabs
  3 sixfirhies
  2 skysharks
  2 sun demons (Depths:1)
  5 shadow wraiths
  2 salamander mystics (Snake:4)
  15 skeletal warriors (Crypt:3)
  A sea snake (shapeshifter) (Elf:1)
  2 spatial maelstroms (Abyss:6)
  A spectral death yak (Gauntlet)
  3 iron trolls
  5 goliath frogs
  A titan skeleton (Abyss:5)
  2 death drakes (Abyss:4)
  13 glowing orange brains
  A bunyip zombie (Crypt:3)
  5 flayed ghosts
  6 bog bodies
  9 spriggan druids
  2 orange crystal statues
  33 deep trolls
  15 swamp dragons
  10 wizards
  5 naga ritualists
  2 phantasmal warriors
  A spectral hydra (Gauntlet)
  7 deep elf archers
  3 lindwurms
  10 orc knights
  14 ironbound convokers
  37 large abominations
  2 harpies
  6 necromancers
  A lindwurm (shapeshifter) (Depths:3)
  32 ugly things
  An anaconda skeleton (Crypt:2)
  A wolf spider (D:15)
  10 salamanders
  19 deep elf pyromancers
  14 deep elf zephyrmancers
  A faun (shapeshifter) (Vaults:3)
  A shining eye (shapeshifter) (Depths:3)
  5 orc sorcerers (Orc:2)
  4 will-o-the-wisps
  A tengu skeleton (Vaults:4)
  7 cyclopes
  10 mana vipers
  A black mamba (shapeshifter) (Elf:1)
  9 manticores
  A worldbinder (Abyss:4)
  Maurice (Orc:2)
  2 moths of wrath (Snake:1)
  A guardian serpent (shapeshifter) (Abyss:5)
  A rust devil (Depths:1)
  A dire elephant zombie (Crypt:3)
  5 toenail golems (Volcano)
  21 vault sentinels
  10 guardian serpents
  Joseph (D:7)
  5 eyes of devastation (WizLab)
  A human skeleton (Vaults:4)
  5 apocalypse crabs
  11 cane toads
  13 naga magi
  Psyche (D:11)
  5 orange demons
  A stone giant skeleton (Vaults:4)
  37 black mambas
  An orc skeleton (Crypt:3)
  A catoblepas zombie (Crypt:3)
  A gargoyle (D:12)
  17 smoke demons
  11 unseen horrors
  A freezing wraith (Crypt:1)
  3 kobold demonologists
  13 rime drakes (Lair:5)
  A dire elephant skeleton (Crypt:3)
  24 yaktaurs
  3 efreet
  2 bunyip simulacra (Crypt:3)
  A catoblepas skeleton (Crypt:2)
  A tormentor (Abyss:4)
  A yaktaur skeleton (Vaults:4)
  5 komodo dragons
  10 ancient zymes
  4 guardian mummies (Crypt:3)
  A sea snake skeleton (Crypt:3)
  A grey draconian skeleton (Crypt:3)
  11 trolls
  3 hellwings
  A meliai (shapeshifter) (Abyss:4)
  21 hornets
  5 polar bears
  A harpy zombie (Crypt:3)
  The ghost of Tux the Stinger, an amateur DrVM of Vehumet (D:4)
  23 raiju
  A tarantella (shapeshifter) (Depths:4)
  A tarantella zombie (Crypt:2)
  6 tyrant leeches
  Prince Ribbit (D:5)
  33 blink frogs
  2 hydra skeletons
  A blink frog (shapeshifter) (D:13)
  An ettin zombie (Abyss:5)
  A harpy skeleton (Crypt:2)
  A meliai zombie (Crypt:3)
  23 dream sheep
  27 slime creatures
  A jumping spider (shapeshifter) (Abyss:2)
  A black mamba zombie (Crypt:1)
  Sigmund (D:2)
  A centaur simulacrum (Crypt:3)
  A naga simulacrum (Abyss:4)
  28 spriggans
  7 vampires
  13 wraiths
  11 water elementals
  4 air elementals
  9 wyverns
  13 flying skulls
  9 ynoxinuls
  2 shadows
  65 yaks
  7 fire bats (Abyss:4)
  A culicivora (shapeshifter) (Abyss:5)
  A fire dragon skeleton (Crypt:1)
  Eustachio (D:7)
  A golden eye (shapeshifter) (Abyss:4)
  A wyvern (shapeshifter) (D:13)
  2 fire elementals
  Grum (D:11)
  4 golden eyes (Abyss:3)
  4 basilisks
  13 steam dragons
  15 vampire mosquitoes
  11 neqoxecs
  15 swamp worms
  37 nagas
  A spatial vortex (Abyss:3)
  5 chaos spawn
  A deep troll zombie (Crypt:1)
  A fire bat zombie (Crypt:1)
  A naga (shapeshifter) (D:13)
  4 wargs
  A human zombie (Vaults:4)
  A swamp worm (shapeshifter) (Depths:3)
  Edmund (D:4)
  A faun zombie (Crypt:1)
  2 acid dragons
  6 water moccasins
  10 hell hounds
  A fire bat skeleton (Crypt:1)
  A floating eye (Depths:3)
  22 small abominations
  An ice beast (shapeshifter) (Abyss:3)
  11 swamp drakes
  7 black bears
  34 orc warriors
  A sky beast (D:7)
  A snapping turtle zombie (Crypt:3)
  4 boggarts (Lair:5)
  33 wolves
  14 ogres
  6 centaurs
  A hog skeleton (Crypt:2)
  3 phantoms
  11 bullfrogs
  4 kobold brigands
  2 necrophages (Swamp:4)
  A salamander skeleton (Crypt:2)
  2 scorpions
  A water moccasin zombie (Crypt:1)
  2 earth elementals
  15 wights
  A polar bear zombie (Crypt:3)
  A warg skeleton (Crypt:3)
  6 killer bees
  4 electric eels
  5 howler monkeys
  5 lava snakes
  A quasit (Abyss:4)
  A jelly (D:4)
  A gnoll bouda (D:5)
  An iguana (D:5)
  11 orc priests
  68 starcursed masses
  3 hounds
  2 sleepcaps
  5 hell rats
  16 orc wizards
  2 naga zombies (Crypt:1)
  A hound zombie (Crypt:1)
  A boggart simulacrum (D:15)
  Robin (D:4)
  12 adders
  2 gnolls (D:5)
  A swamp drake skeleton (Crypt:3)
  2 white imps
  8 ufetubi
  An iguana skeleton (Crypt:2)
  4 worms
  3 dart slugs
  59 orcs
  9 ball pythons
  11 bats
  12 endoplasms
  4 giant cockroaches
  8 goblins
  7 hobgoblins
  4 quokkas
  3 frilled lizards
  19 kobolds
  A quokka zombie (Crypt:3)
  4 rats
  A lurking horror (Abyss:5)
  26 starspawn tentacles
2220 creatures vanquished.

Vanquished Creatures (collateral kills)
  A quicksilver dragon (Snake:4)
  An angel (Vaults:1)
  A very ugly thing (Depths:4)
  A fire dragon (Depths:4)
  A naga sharpshooter (Snake:4)
  Menkaure (D:4)
  A gnoll (D:5)
  A dart slug (D:2)
  An endoplasm (D:2)
  2 ball pythons (D:2)
11 creatures vanquished.

Vanquished Creatures (others)
  A deep elf blademaster (Elf:3)
  A hell knight (Depths:3)
  A necromancer (Abyss:4)
  2 deep elf zephyrmancers
  A deep elf pyromancer (Elf:1)
  A will-o-the-wisp (Swamp:3)
  An orange demon (Depths:1)
  6 bloated husks
  A blink frog (Lair:2)
  A small abomination (Abyss:5)
  A swamp drake (Swamp:4)
  A starcursed mass (Abyss:5)
  2 adders (D:2)
  An orc (D:3)
  28 foxfires
  2 lurking horrors
  40 starspawn tentacles
91 creatures vanquished.

Grand Total: 2322 creatures vanquished

Notes
Turn   | Place    | Note
-------+----------+-------------------------------------------
     0 | D:1      | Amplified the Mummy Artificer began the quest for the Orb.
     0 | D:1      | Reached XP level 1. HP: 15/15 MP: 1/1
   267 | D:1      | Reached XP level 2. HP: 4/21 MP: 2/2
  1084 | D:2      | Gained mutation: You are in touch with the powers of death.
                  | [Mummy growth]
  1084 | D:2      | Reached XP level 3. HP: 13/26 MP: 3/3
  1154 | D:2      | Got the Enchiridion on the Nauseating Jinx
  1204 | D:2      | Reached skill level 1 in Maces & Flails
  1515 | D:2      | Noticed Sigmund
  1523 | D:2      | Killed Sigmund
  1524 | D:2      | Reached skill level 2 in Fighting
  1524 | D:2      | Reached XP level 4. HP: 26/34 MP: 3/7
  1524 | D:2      | Reached XP level 5. HP: 30/39 MP: 3/8
  1936 | D:3      | Learned a level 2 spell: Poisonous Vapours
  1986 | D:3      | Reached skill level 3 in Fighting
  2273 | D:3      | Reached XP level 6. HP: 45/47 MP: 10/10
  2382 | D:3      | Found Linemoip's Weapon Shop.
  2387 | D:3      | Bought a +0 broad axe for 40 gold pieces
  2648 | D:4      | Noticed Robin
  2661 | D:4      | Killed Robin
  2913 | D:4      | Found a runed translucent gate.
  2913 | D:4      | Found a runed translucent gate.
  2962 | D:4      | Found a runed translucent gate.
  2963 | D:4      | Noticed Tux's ghost (amateur DrVM)
  3066 | D:4      | Reached XP level 7. HP: 33/53 MP: 12/12
  3263 | D:4      | Noticed Menkaure
  3277 | D:5      | Entered Level 5 of the Dungeon
  3277 | D:5      | Noticed Prince Ribbit
  3306 | D:4      | Noticed Edmund
  3321 | D:4      | Killed Menkaure
  3322 | D:4      | Reached skill level 4 in Fighting
  3324 | D:4      | Killed Edmund
  3544 | D:4      | Found an opulent altar of Gozag.
  3554 | D:4      | Became a worshipper of Gozag Ym Sagoz the Greedy
  3912 | D:4      | Found a staircase to the Ecumenical Temple.
  4093 | D:5      | Reached XP level 8. HP: 61/61 MP: 13/15
  4205 | D:5      | You fall into a shaft and drop 3 floors!
  4234 | D:8      | Identified the +9 trident of Destiny {freeze, rF+}
  4464 | D:7      | Found an iron altar of Okawaru.
  4489 | D:6      | Noticed Eustachio
  4489 | D:6      | Found Japylul's Magic Scroll Shoppe.
  4506 | D:7      | Killed Eustachio
  4507 | D:7      | Reached skill level 5 in Fighting
  4507 | D:7      | Reached skill level 1 in Polearms
  4765 | D:7      | Noticed Joseph
  4791 | D:7      | Killed Joseph
  4792 | D:7      | Reached skill level 6 in Fighting
  5227 | D:6      | Reached XP level 9. HP: 31/71 MP: 16/16
  5393 | D:6      | Noticed a two-headed ogre
  5437 | D:5      | Reached skill level 5 in Armour
  5731 | D:5      | Killed Prince Ribbit
  5876 | D:5      | Found a burning altar of Makhleb.
  5879 | D:5      | Noticed a balrug
  5882 | D:5      | Noticed an angel
  6190 | D:6      | Reached skill level 7 in Fighting
  6731 | D:6      | Found a blossoming altar of Fedhas.
  6734 | D:6      | Found a shimmering blue altar of Sif Muna.
  6831 | D:6      | Bought a scroll of acquirement for 624 gold pieces
  6831 | D:6      | Acquired the +0 pair of gloves of Inaction {-Tele Will+
                  | Int+4}
  7131 | D:7      | Reached skill level 5 in Polearms
  7303 | D:8      | Reached skill level 8 in Fighting
  7412 | D:8      | Found a staircase to the Lair.
  7975 | D:9      | Reached XP level 10. HP: 77/82 MP: 17/17
  7995 | D:9      | Noticed a soul eater
  8320 | D:9      | Reached skill level 9 in Fighting
  9227 | D:10     | Entered Level 10 of the Dungeon
  9346 | D:10     | Reached skill level 10 in Fighting
  9419 | D:10     | Noticed Urug
  9434 | D:10     | Killed Urug
  9598 | D:10     | Reached XP level 11. HP: 91/91 MP: 18/18
  9598 | D:10     | Noticed a two-headed ogre
  9606 | D:10     | Killed a two-headed ogre
 10257 | D:11     | Noticed Grum
 10541 | D:11     | Found Esugemiy's Armour Emporium.
 10541 | D:11     | Found a staircase to the Orcish Mines.
 10568 | D:11     | Found Capell's Weapon Emporium.
 10646 | D:11     | Noticed Psyche
 10843 | D:12     | Reached skill level 11 in Fighting
 11005 | D:12     | Found Capegh's Armour Shoppe.
 11008 | D:12     | Noticed a two-headed ogre
 11024 | D:12     | Killed a two-headed ogre
 11240 | D:12     | Identified the +5 dagger of the Enchanted Forest {elec,
                  | +Blink}
 11645 | D:12     | Noticed a soul eater
 11809 | D:13     | Found a gate to the Vaults.
 11940 | D:13     | Found a frozen archway.
 12016 | IceCv    | Entered an ice cave
 12016 | IceCv    | Noticed a white ugly thing
 12046 | D:13     | Reached skill level 12 in Fighting
 12046 | D:13     | Reached XP level 12. HP: 69/102 MP: 19/19
 12606 | D:11     | Found Royger's Weapon Shoppe.
 12614 | D:11     | Noticed a boulder beetle
 12629 | D:11     | Killed a boulder beetle
 12635 | D:11     | Noticed Harold
 12649 | D:11     | Killed Harold
 12671 | D:11     | Killed Psyche
 12682 | D:11     | Killed Grum
 13363 | Lair:1   | Entered Level 1 of the Lair of Beasts
 13519 | Lair:1   | Reached skill level 10 in Polearms
 13967 | Lair:1   | Reached skill level 13 in Fighting
 14987 | Lair:2   | Gained mutation: You are strongly in touch with the powers
                  | of death. [Mummy growth]
 14987 | Lair:2   | Reached XP level 13. HP: 111/111 MP: 20/20
 15452 | Lair:2   | Found a staircase to the Snake Pit.
 16259 | D:11     | Bought the +9 scales of the Dragon King {rPois rF+ rC+
                  | Will+} for 1747 gold pieces
 16259 | D:11     | Found the +9 scales of the Dragon King {rPois rF+ rC+
                  | Will+}
 16422 | Lair:3   | Found a staircase to the Swamp.
 16586 | Lair:3   | Reached skill level 14 in Fighting
 17145 | Lair:4   | Found a dark tunnel.
 17151 | Lair:4   | Acquired 1113 gold pieces
 17183 | Volcano  | Entered a volcano
 17667 | D:12     | Bought the +5 Storm Queen's Shield {shock, Fly rElec} for
                  | 684 gold pieces
 17667 | D:12     | Found the +5 Storm Queen's Shield {shock, Fly rElec}
 17941 | Lair:4   | Reached skill level 1 in Shields
 18132 | Lair:4   | Identified the +0 ring mail of the Saviour {Will++ Int+2
                  | Stlth-}
 18812 | Lair:5   | Entered Level 5 of the Lair of Beasts
 18914 | Lair:5   | Identified the +1 war axe of Paper {freeze, rElec rCorr
                  | Int+3}
 18926 | Lair:5   | Found a viscous altar of Jiyva.
 18926 | Lair:5   | Found a staircase to the Slime Pits.
 19018 | Lair:5   | Reached XP level 14. HP: 121/121 MP: 21/21
 19087 | Lair:5   | Reached skill level 10 in Armour
 19650 | Lair:5   | Reached skill level 15 in Fighting
 19712 | Lair:5   | Reached skill level 5 in Shields
 20127 | Lair:5   | Noticed Sonja
 20130 | Lair:5   | Killed Sonja
 20963 | D:4      | Killed Tux's ghost
 21136 | Orc:1    | Entered Level 1 of the Orcish Mines
 21573 | Orc:2    | Entered Level 2 of the Orcish Mines
 21618 | Orc:2    | Noticed an orc warlord
 21857 | Orc:1    | Killed an orc warlord
 22275 | Orc:2    | Found Iru Tur's Antique Weapon Shoppe.
 22285 | Orc:2    | Reached XP level 15. HP: 129/129 MP: 22/22
 22405 | Orc:2    | Found Ocvenk's General Store.
 22458 | Orc:2    | Bought a scroll of teleportation for 33 gold pieces
 22458 | Orc:2    | Bought a scroll of teleportation for 33 gold pieces
 22458 | Orc:2    | Bought a scroll of fear for 44 gold pieces
 22519 | Orc:2    | Noticed Maurice
 22532 | Orc:2    | Killed Maurice
 22544 | Orc:2    | Found a staircase to the Elven Halls.
 22610 | Orc:2    | Found Ocann's Book Shoppe.
 22859 | Orc:2    | Found Gosec's Antique Armour Shop.
 22867 | Orc:2    | Bought a shiny helmet for 195 gold pieces
 22881 | Orc:2    | Bought a brightly glowing ring mail for 234 gold pieces
 22881 | Orc:2    | Identified the +3 ring mail "Ixiemm" {Will++ Int+3} (You
                  | bought it in a shop on level 2 of the Orcish Mines)
 22881 | Orc:2    | Bought a black opal-studded troll leather armour for 520
                  | gold pieces
 22881 | Orc:2    | Identified the +4 troll leather armour "Jefrehay" {-Tele
                  | Regen+ Dex+6} (You bought it in a shop on level 2 of the
                  | Orcish Mines)
 23558 | D:14     | Found a gate leading to a gauntlet.
 23565 | Gauntlet | Entered a Gauntlet
 23565 | Gauntlet | Found a transporter.
 23573 | Gauntlet | Found a transporter.
 23573 | Gauntlet | Found the ring of the Hare {EV+10}
 23575 | Gauntlet | Found a transporter.
 23586 | Gauntlet | Found a transporter.
 23589 | Gauntlet | Found a transporter.
 23607 | Gauntlet | Found a transporter.
 23617 | Gauntlet | Found a runed translucent door.
 23621 | Gauntlet | Found a transporter.
 23631 | Gauntlet | Found a transporter.
 23643 | Gauntlet | Found a transporter.
 23665 | Gauntlet | Found a transporter.
 23676 | Gauntlet | Found a runed translucent door.
 23677 | Gauntlet | Found a transporter.
 23677 | Gauntlet | Found a transporter.
 23678 | Gauntlet | Found a runed translucent door.
 23725 | Gauntlet | Found a transporter.
 23739 | Gauntlet | Found a transporter.
 23919 | Gauntlet | Identified the ring "Tucomuse" {Ice rElec rPois Will-
                  | Stlth+}
 24013 | Gauntlet | Identified the staff of air "Laxoic" {rElec rC- Int+4}
 24013 | Gauntlet | Identified the +7 trident of Slime {freeze, rF+}
 24221 | D:14     | Noticed Azrael
 24244 | D:14     | Killed Azrael
 24746 | D:15     | Entered Level 15 of the Dungeon
 25177 | D:15     | Found a staircase to the Depths.
 25246 | D:15     | Noticed Kuralita's ghost (journeyman OpTm)
 25247 | D:15     | Found a transporter.
 25247 | D:15     | Noticed a frost giant
 25248 | D:15     | Identified the +10 great mace "Killer Bee's Curse" {elec,
                  | rF++ rC+}
 25248 | D:15     | Identified the +8 great mace of the Rat {protect, rF+
                  | Int+2}
 25251 | D:15     | Found a transporter.
 25264 | D:15     | Found Baclaske's Fire Supplies.
 25592 | D:15     | Killed a frost giant
 25600 | D:15     | Killed Kuralita's ghost
 25604 | D:15     | Reached skill level 16 in Fighting
 25924 | D:14     | Acquired a +2 pair of boots of stealth
 26152 | Snake:1  | Entered Level 1 of the Snake Pit
 26160 | Snake:1  | Reached skill level 5 in Spellcasting
 26272 | Snake:1  | Reached XP level 16. HP: 132/138 MP: 23/23
 26450 | Snake:1  | Noticed ababab's ghost (journeyman FeEn)
 26466 | Snake:1  | Found a transporter.
 26487 | Snake:1  | Found a transporter.
 27050 | Snake:1  | Killed ababab's ghost
 27058 | Snake:1  | Identified the ring "Xicvosch" {Fly Str+6}
 27321 | Snake:2  | Noticed Vashnia
 27324 | Snake:2  | Noticed Frances
 27343 | Snake:2  | Killed Frances
 27353 | Snake:2  | Killed Vashnia
 27823 | Snake:2  | Noticed Asterion
 27844 | Snake:2  | Killed Asterion
 28187 | Snake:2  | Reached skill level 10 in Shields
 28789 | Snake:3  | Found Toaph's Armour Shop.
 29375 | Snake:4  | Entered Level 4 of the Snake Pit
 29379 | Snake:4  | Found Daroc's Armour Shoppe.
 29569 | Swamp:1  | Entered Level 1 of the Swamp
 29597 | Lair:3   | Bought a translucent ring mail for 324 gold pieces
 29597 | Lair:3   | Identified the +5 ring mail of Kleptomania {Regen+ Str+3
                  | Int+2 Slay+3} (You bought it in a shop on level 3 of the
                  | Lair of Beasts)
 29597 | Lair:3   | Bought a scorched leather armour for 252 gold pieces
 29597 | Lair:3   | Identified the +3 leather armour of Haaxze {Str+3} (You
                  | bought it in a shop on level 3 of the Lair of Beasts)
 29597 | Lair:3   | Bought an ancient robe for 205 gold pieces
 29597 | Lair:3   | Identified the +1 robe of Jyipewne {-Cast rElec rF++
                  | Regen+} (You bought it in a shop on level 3 of the Lair of
                  | Beasts)
 30126 | Snake:4  | Reached XP level 17. HP: 146/146 MP: 29/29
 30474 | Snake:4  | Noticed Mlioglotl
 30489 | Snake:4  | Killed Mlioglotl
 30534 | Snake:4  | Reached skill level 17 in Fighting
 30857 | Snake:4  | Noticed Aizul
 30873 | Snake:4  | Killed Aizul
 30977 | Snake:4  | Noticed a quicksilver dragon
 30990 | Snake:4  | Killed a quicksilver dragon
 30999 | Snake:4  | Noticed a quicksilver dragon
 31034 | Snake:4  | Killed a quicksilver dragon
 31410 | Snake:4  | Got a serpentine rune of Zot
 32148 | Swamp:1  | Found a runed translucent door.
 33764 | Swamp:3  | Reached XP level 18. HP: 148/155 MP: 31/31
 34039 | Swamp:3  | Found a runed translucent door.
 34157 | Swamp:3  | Noticed waddelsworth's ghost (adept MiBe)
 34456 | Swamp:3  | Killed waddelsworth's ghost
 34660 | Swamp:4  | Entered Level 4 of the Swamp
 34812 | Swamp:4  | Reached skill level 15 in Shields
 35037 | Swamp:4  | Identified the +10 broad axe "Mummy's Death" {flame, Fly}
 35810 | Swamp:4  | Got a decaying rune of Zot
 36151 | Vaults:1 | Entered Level 1 of the Vaults
 36315 | Vaults:1 | Found Iwism's Assorted Antiques.
 36326 | Vaults:1 | Bought a pair of faintly glowing gloves for 418 gold pieces
 36326 | Vaults:1 | Identified the +2 pair of gloves of Kikubaaqudgha, Brewing
                  | {rC++ rN++ Dex-3} (You bought it in a shop on level 1 of
                  | the Vaults)
 36326 | Vaults:1 | Bought a scroll of teleportation for 132 gold pieces
 36326 | Vaults:1 | Bought a scroll of fog for 176 gold pieces
 36483 | Vaults:1 | Found a crumbling gateway.
 37898 | Vaults:1 | Reached skill level 1 in Stealth
 38379 | Vaults:2 | Reached skill level 1 in Axes
 38386 | Vaults:2 | Bought a manual of Axes for 1120 gold pieces
 38440 | Vaults:2 | Reached XP level 19. HP: 161/161 MP: 32/32
 38640 | Vaults:2 | Reached skill level 5 in Axes
 38756 | Vaults:2 | Noticed Saint Roka
 38785 | Vaults:2 | Killed Saint Roka
 39398 | Vaults:2 | Noticed Bai Suzhen
 39434 | Vaults:2 | Killed Bai Suzhen
 39496 | Vaults:2 | Reached skill level 10 in Axes
 39733 | Vaults:2 | Found a staircase to the Crypt.
 40343 | Vaults:2 | Got the Codex of the Breezy Boulder
 40731 | Vaults:3 | Found a runed translucent gate.
 40731 | Vaults:3 | Found a runed translucent gate.
 40731 | Vaults:3 | Found a runed translucent gate.
 40732 | Vaults:3 | Noticed TPoD's ghost (adept HOMo)
 42191 | Vaults:4 | Found the +8 Wrath of Trog {antimagic, *Rage Rampage}
 42213 | Vaults:4 | Found a magical portal.
 42225 | Vaults:4 | Reached XP level 20. HP: 160/168 MP: 33/33
 42241 | WizLab   | Entered Lehudib's Moon Base
 42268 | WizLab   | Reached skill level 5 in Stealth
 42353 | WizLab   | Paralysed by accursed screaming for 1 turns
 42511 | WizLab   | Reached skill level 15 in Polearms
 42744 | WizLab   | Paralysed by accursed screaming for 2 turns
 42920 | WizLab   | Identified the amulet of Edipleitep {rN+ Regen+ Int+4}
 43071 | WizLab   | Found a transporter.
 43411 | WizLab   | Found a transporter.
 43582 | WizLab   | Identified the -2 helmet of Goikk {MP+9 Int+6 Dex-5}
 43585 | WizLab   | Identified the ring "Naziast" {Wiz SInv}
 44113 | Vaults:4 | Reached skill level 18 in Fighting
 45327 | Vaults:4 | Identified the ring "Goiss" {Str+2 Dex-2 Slay+4 SInv}
 45449 | Crypt:1  | Entered Level 1 of the Crypt
 45906 | Crypt:1  | You are sucked into a shaft and drop 1 floor!
 45988 | Crypt:3  | Entered Level 3 of the Crypt
 46209 | Crypt:3  | Reached XP level 21. HP: 129/178 MP: 34/34
 46220 | Crypt:3  | Reached skill level 10 in Stealth
 46592 | Crypt:3  | Found a basalt altar of Yredelemnul.
 46593 | Crypt:3  | Found an ancient bone altar of Kikubaaqudgha.
 46593 | Crypt:3  | Noticed a curse toe
 46613 | Crypt:3  | Killed a curse toe
 46826 | Crypt:3  | Got Ereshkigal's Parchment of Despair
 46852 | Crypt:3  | Identified the +8 plate armour of Nihilism {rElec rC+++
                  | Stlth-}
 46861 | Crypt:3  | Got the Verses on the Overcast Pyromaniac
 46993 | Crypt:3  | Found a staircase to the Tomb.
 47802 | Crypt:2  | Reached skill level 19 in Fighting
 49033 | Crypt:1  | Identified the +3 ring mail of the Ant {Rampage +Blink
                  | Dex+5 Stlth-}
 49260 | Elf:1    | Entered Level 1 of the Elven Halls
 49265 | Elf:1    | Paralysed by an air elemental for 1 turns
 49276 | Elf:1    | Bought warped quicksilver dragon scales for 1365 gold
                  | pieces
 49276 | Elf:1    | Identified the quicksilver dragon scales "Mutza" {*Slow Fly
                  | rN+++ Will+ Dex+3} (You bought it in a shop on level 1 of
                  | the Elven Halls)
 49542 | Elf:1    | You are sucked into a shaft and drop 1 floor!
 49564 | Elf:2    | Paralysed by an air elemental for 1 turns
 49590 | Elf:2    | Found an ancient bone altar of Kikubaaqudgha.
 49654 | Elf:2    | Reached skill level 1 in Dodging
 50132 | Elf:2    | Found a runed translucent gate.
 50132 | Elf:2    | Found a runed translucent gate.
 50132 | Elf:2    | Found a runed translucent gate.
 50284 | Elf:3    | Entered Level 3 of the Elven Halls
 50648 | Elf:3    | Found Jeelug's Antique Weapon Boutique.
 50682 | Elf:3    | Found Delump's Assorted Antiques.
 50690 | Elf:3    | Bought a scroll of blinking for 300 gold pieces
 50729 | Elf:3    | Reached skill level 10 in Spellcasting
 50744 | Elf:3    | Reached XP level 22. HP: 178/188 MP: 36/36
 51213 | Elf:3    | Found the brooch of Shielding {Spirit SH+8}
 51226 | Elf:3    | Identified the +4 arbalest "Piheyt" {speed, rC+++ rN+++
                  | Will- Str-5}
 51227 | Elf:3    | Identified the +9 longbow "Henkith" {elec, rElec Dex+4}
 51277 | Elf:3    | Identified the staff of death "Xiliafemn" {rN+ Dex+5}
 51283 | Elf:3    | Got the Collected Works on Percussion
 51301 | Elf:3    | Identified the +5 spear of Zyintin {heavy, rCorr Str+4
                  | Dex+2}
 51559 | Elf:3    | Noticed Roxanne
 51584 | Elf:3    | Killed Roxanne
 51633 | Elf:3    | Found Yteschaxi's Antique Weapon Emporium.
 52460 | Elf:1    | Reached skill level 1 in Staves
 52460 | Elf:1    | Reached skill level 1 in Ranged Weapons
 52882 | Depths:1 | Entered Level 1 of the Depths
 53294 | Depths:1 | Found a one-way gate leading to the halls of Pandemonium.
 53409 | Depths:1 | Found a gateway to Hell.
 53844 | Depths:1 | Found a broken altar of Ashenzari.
 54498 | Depths:2 | Reached skill level 20 in Fighting
 54597 | Depths:2 | Noticed the Enchantress
 54634 | Depths:2 | Killed the Enchantress
 54773 | Depths:2 | Reached skill level 5 in Staves
 54773 | Depths:2 | Reached skill level 5 in Ranged Weapons
 55115 | Depths:2 | You are sucked into a shaft and drop 2 floors!
 55115 | Depths:4 | Entered Level 4 of the Depths
 55115 | Depths:4 | Noticed a golden dragon
 55115 | Depths:4 | Found a gate to the Realm of Zot.
 55121 | Depths:4 | Reached skill level 5 in Dodging
 55126 | Depths:4 | Killed a golden dragon
 55264 | Depths:4 | Reached XP level 23. HP: 179/197 MP: 36/39
 55508 | Depths:4 | Noticed a juggernaut
 55524 | Depths:4 | Killed a juggernaut
 55531 | Depths:4 | Noticed a caustic shrike
 55559 | Depths:4 | an acid blob changed into a caustic shrike
 55559 | Depths:4 | Noticed a caustic shrike (glowing shapeshifter)
 55566 | Depths:4 | a caustic shrike changed into an iron giant
 55568 | Depths:4 | Killed a caustic shrike
 55571 | Depths:4 | an iron giant changed into a caustic shrike
 55571 | Depths:4 | Noticed a caustic shrike (glowing shapeshifter)
 55572 | Depths:4 | a caustic shrike changed into a shadow dragon
 55573 | Depths:4 | Noticed a caustic shrike
 55573 | Depths:4 | Noticed a caustic shrike
 55573 | Depths:4 | Noticed a caustic shrike
 56438 | Depths:4 | Killed a caustic shrike
 56442 | Depths:4 | Killed a caustic shrike
 56453 | Depths:4 | Killed a caustic shrike
 56599 | Depths:4 | Found The Oracle's Delphic Readings.
 56604 | Depths:4 | Bought a scroll of fear for 80 gold pieces
 56604 | Depths:4 | Bought a scroll of enchant armour for 150 gold pieces
 56604 | Depths:4 | Bought a scroll of magic mapping for 150 gold pieces
 56604 | Depths:4 | Bought a scroll of poison for 80 gold pieces
 56604 | Depths:4 | Bought a book of Fire for 880 gold pieces
 56604 | Depths:4 | Bought Great Wizards, Vol. II for 760 gold pieces
 56604 | Depths:4 | Bought a book of Air for 440 gold pieces
 56933 | Depths:3 | Found a one-way gateway to a ziggurat.
 57401 | Depths:3 | Found Zukky Vunk's Book Emporium.
 57416 | Depths:3 | Bought Maxwell's Memoranda for 760 gold pieces
 57416 | Depths:3 | Bought a book of the Moon for 800 gold pieces
 57695 | Depths:3 | Found a one-way gate to the infinite horrors of the Abyss.
 57696 | Depths:3 | Found a corrupted altar of Lugonu.
 58134 | Depths:3 | Noticed a juggernaut
 58153 | Depths:3 | Killed a juggernaut
 58182 | Depths:3 | Paralysed by a floating eye for 2 turns
 58311 | Depths:3 | Noticed a caustic shrike
 58323 | Depths:3 | Killed a caustic shrike
 58488 | Depths:3 | Identified the +10 lajatang of Jeam {freeze, Int+2}
 58630 | Depths:3 | Voluntarily entered the Abyss.
 58704 | Abyss:2  | Found a corrupted altar of Lugonu.
 58741 | Abyss:2  | Found a corrupted altar of Lugonu.
 58983 | Abyss:2  | Reached skill level 1 in Poison Magic
 59013 | Abyss:2  | Found a corrupted altar of Lugonu.
 59138 | Abyss:3  | Found a corrupted altar of Lugonu.
 59164 | Abyss:3  | Found a corrupted altar of Lugonu.
 59245 | Abyss:3  | Reached XP level 24. HP: 175/206 MP: 35/40
 59303 | Abyss:3  | Found a corrupted altar of Lugonu.
 59311 | Abyss:3  | Found a corrupted altar of Lugonu.
 59311 | Abyss:3  | Found a corrupted altar of Lugonu.
 59376 | Abyss:3  | Found a corrupted altar of Lugonu.
 60005 | Abyss:4  | Reached skill level 21 in Fighting
 60198 | Abyss:4  | Paralysed by accursed screaming for 1 turns
 60296 | Abyss:4  | Reached skill level 10 in Staves
 60306 | Abyss:4  | Reached skill level 10 in Ranged Weapons
 60307 | Abyss:4  | Found a corrupted altar of Lugonu.
 60315 | Abyss:4  | Paralysed by accursed screaming for 1 turns
 60319 | Abyss:4  | Paralysed by accursed screaming for 1 turns
 60334 | Abyss:4  | Reached skill level 5 in Poison Magic
 60459 | Abyss:4  | Paralysed by accursed screaming for 1 turns
 60531 | Abyss:5  | Found a corrupted altar of Lugonu.
 61046 | Abyss:5  | Paralysed by accursed screaming for 1 turns
 61133 | Abyss:5  | Noticed a dread lich
 61149 | Abyss:5  | Killed a dread lich
 61172 | Abyss:6  | Reached skill level 15 in Spellcasting
 61238 | Abyss:6  | Reached XP level 25. HP: 65/215 MP: 34/42
 61262 | Abyss:6  | Reached skill level 15 in Armour
 61277 | Abyss:6  | Killed from afar by a hellion

Illustrated notes

Levels and vault maps discovered:
D:1:      lightli_arrival_flooded_house, layout_loops_cross, serial_forest,
          infiniplex_forest_split, infiniplex_forest_end_double,
          infiniplex_forest_straight_3, infiniplex_forest_clump_large,
          infiniplex_forest_lined_ring, infiniplex_forest_clump_tiny,
          infiniplex_forest_end_2, infiniplex_forest_clump_diagonal,
          infiniplex_forest_clump_tiny, grunt_decor_arrowhead
D:2:      layout_rooms, minmay_vboxes, uniq_sigmund
D:3:      layout_rooms, serial_shops, nicolae_shop_hallway_plus,
          minmay_quantized
D:4:      black_bear_nest_1, layout_basic, mainiacjoe_overflow_chevrons,
          temple_hall, gammafunk_ghost_split, uniq_menkaure,
          uniq_crazy_yiuf_cottage, uniq_robin, uniq_edmund
D:5:      layout_loops_ring, grunt_temple_overflow_order_and_chaos_2,
          uniq_prince_ribbit1
D:6:      layout_cave_pools, nicolae_tso_carved_into_rock, jmf_multi_god_temple,
          st_stairs_8, grunt_ministairs_9, nicolae_stop_n_shop_1, uniq_eustachio
D:7:      layout_basic, okawaru_trees_1, uniq_joseph
D:8:      layout_loops_ring, lair_entry_dummy
D:9:      layout_basic, small_statue_intersection
D:10:     layout_irregular_city, minmay_fractal_squares_diagonal_5, uniq_urug
D:11:     layout_irregular_city, orc_david_3, serial_shops,
          nicolae_shop_bloodbath_and_beyond, uniq_grum, uniq_psyche, uniq_harold
D:12:     layout_rooms, serial_shops, shop
D:13:     layout_basic, david_vaults_2, portal_ice_cave_entry_pillars_2,
          hex_tiny
D:14:     layout_roguey, zin_angel, gauntlet_entry_generic, kennysheep_boxes,
          uniq_azrael
D:15:     hangedman_depths_entry_try_elsewhere_first, layout_cave_pools,
          minmay_misc_feat_tiny, gammafunk_ghost_smash, grunt_ministairs_1,
          nicolae_shop_fire_sale [nicolae_sub_dead_trees]
Lair:1:   layout_hall_layers, grunt_megastairs_1
Lair:2:   layout_roguey, nicolae_snake_entry_warm_welcome, lemuel_fruit_tree,
          infiniplex_staircase_pool, grunt_megastairs_2, serial_bayou_shore_b
Lair:3:   beargit_carnivore_pack, layout_gridlike, swamp_mist,
          lemuel_fruit_fields, lemuel_fruit_fields, infiniplex_staircase_pool_2,
          lemuel_fruit_fields
Lair:4:   layout_small_grid, nicolae_volcano_entry_hallway, hibernation_bobbens,
          serial_bayou_shore_a
Lair:5:   minmay_lair_end_enchanted_forest, layout_hall_layers, slime_entry_1,
          bobbens_dragon_lair_wall, uniq_sonja
Swamp:1:  gammafunk_mikee_crab_dinner, layout_basic_swamp,
          nicolae_swamp_big_swirl
Swamp:2:  layout_basic_swamp, evilmike_swamp_ruin_house_6
Swamp:3:  layout_basic_swamp, ebering_ghost_inner_flame,
          evilmike_swamp_ruin_house_5, swamp_pool1
Swamp:4:  swamp_fiery, layout_basic_swamp
Snake:1:  layout_layer_cave, gammafunk_ghost_berserking_beasts
Snake:2:  layout_grid_maze, uniq_asterion, uniq_vashnia, uniq_frances
Snake:3:  layout_gridlike, serial_shops, nicolae_shop_mannequins
Snake:4:  hellmonk_snake_rune_quicksilver_temple, layout_cave_town,
          serial_shops, shop, uniq_mlioglotl, uniq_aizul
Orc:1:    layout_diamond_mine, nicolae_orc_sculptors_studio,
          nicolae_orc_rich_vein
Orc:2:    grunt_orc_gardens, layout_caves, grunt_orc_garden, grunt_orc_garden,
          grunt_orc_garden, grunt_orc_garden, uniq_maurice
Elf:1:    minmay_elf_arrival_plus, layout_loops_corners,
          hangedman_elven_crosses_minicolossus
Elf:2:    elven_hall_of_blades_hangedman_original [mumra_blade_entry_dagger],
          layout_gridlike, basic_altar
Elf:3:    elf_hall, layout_onion_city, serial_shops, nicolae_lakefront_shop,
          shop, shop, uniq_roxanne
Vaults:1: portal_desolation_entry_holy_temple, nicolae_vaults_statue_guard,
          nicolae_vaults_trapezoid_2, hangedman_vaults_nodes, vaults_dpeg_hooks,
          v_misc_17, hangedman_vaults_stretched_pinwheel,
          nicolae_vaults_little_squares_3, nicolae_vaults_diamond_1,
          nicolae_vaults_storage_room_statues, nicolae_vaults_closet_pinwheel_2,
          layout_vaults_ring, serial_shops, nicolae_shop_overgrown_old_shop
Vaults:2: minmay_crypt_entry_simple_box, v_rooms_4,
          nicolae_vaults_library_corner, v_rooms_3, grunt_vaults_twisty,
          nicolae_vaults_weapon_check, v_pattern_5, ontoclasm_vaults_fault,
          layout_vaults_big_room, uniq_saint_roka, uniq_bai_suzhen
Vaults:3: ebering_ghost_rock_garden, nicolae_vaults_lightning_bolt, v_misc_15,
          v_misc_24, vaults_room_semicircle, nicolae_vaults_rhombus_5,
          nicolae_vaults_two_Ls, v_misc_26, nicolae_vaults_little_squares_3,
          nicolae_vaults_closet_pinwheel_6, nicolae_vaults_sesquioval_fish,
          hangedman_vaults_snaps, nicolae_vaults_diamond_2,
          layout_vaults_omnicross
Vaults:4: infiniplex_enter_wizlab_water, nicolae_vaults_storage_closets_2,
          nicolae_vaults_closet_pinwheel_4, dpeg_vaults_monster_box, v_misc_9,
          nicolae_vaults_triangles, nicolae_vaults_more_shelving_2,
          ontoclasm_vaults_gallery, v_misc_25, nicolae_vaults_diamond_1,
          nicolae_vaults_house_1, ontoclasm_vaults_hangar,
          ontoclasm_vaults_pinch, layout_vaults_omnibox
Crypt:1:  layout_basic
Crypt:2:  layout_chaotic_city
Crypt:3:  lightli_unholy_cathedral, layout_chaotic_city,
          tomb_entry_simple_bobbens, serial_sigils_hangedman_etch
Depths:1: layout_cave_shapes, minmay_misc_feat_doors, grunt_pan_entry_sceptre,
          hell_entry, minmay_tree_intersection, nicolae_ashenzari_panopticon,
          serial_bayou_shore_b, kennysheep_random_hallway
Depths:2: minmay_the_grid_octo_2x2 [minmay_the_grid_octo_pinwheel,
          minmay_the_grid_octo_focus, minmay_the_grid_octo_fan_narrow,
          minmay_the_grid_octo_prize_square_snowflake], layout_gridville,
          minmay_strange_pillars, serial_glass, glass_columns_b,
          glass_columns_a, special_room [special_room_mythical_zoo], hell_entry,
          rand_demon_pan_entry_4, abyss_entry_small_statue_room,
          infiniplex_staircase_zigzag_3, uniq_mara, uniq_enchantress
Depths:3: minmay_nested_s, layout_cave_shapes, enter_ziggurat_f, minivault_14,
          serial_shops, nicolae_shop_just_a_little_nook, hell_entry,
          serial_bayou, serial_bayou_pond_d, serial_bayou_pond_c,
          serial_bayou_lagoon_a, serial_bayou_pond_b, abyss_entry_flame_altar,
          evilmike_butchery, infiniplex_staircase_river
Depths:4: grunt_zot_entry_gee_three, layout_basic, grunt_decor_cap,
          hangedman_coc_ice_floe, nicolae_nh_oracle_at_delphi
Abyss:6:  base: Snake:4, evilmike_abyss_exit_13, minivault_26, minivault_1,
          nicolae_abyss_rune_left_handed, abyss_exit_lava,
          hangedman_abyss_or_decor_slice, minivault_27, lemuel_flamethrower_2,
          evilmike_abyss_exit_1, hangedman_abyss_or_decor_slice,
          gammafunk_abyss_rune_reverse_zot

Skill      XL: |  1  2  3  4  5  6  7  8  9 10 11 12 13 14 15 16 17 18 19 20 21 22 23 24 25 |
---------------+----------------------------------------------------------------------------+-----
Armour         | 2 3 4 5 6 7 8 9 10 11 12 13 14 15 | 15.0
Maces & Flails | 2 3 |  3.6
Fighting       | 2 3 4 6 8 10 12 13 14 15 16 17 18 19 20 21 | 21.4
Spellcasting   | 2 3 4 5 8 9 10 12 13 15 | 15.1
Polearms       | 3 5 7 9 10 12 13 14 16 18 | 18.3
Shields        | 3 6 8 10 13 16 | 16.9
Stealth        | 2 4 9 12 | 12.6
Axes           | 1 12 13 14 | 14.4
Dodging        | 2 5 7 8 |  8.6
Staves         | 5 8 11 | 11.2
Ranged Weapons | 5 9 10 | 10.8
Poison Magic   | 2 7 |  7.1
Evocations     | |  2.7

Action                     |  1- 3 |  4- 6 |  7- 9 | 10-12 | 13-15 | 16-18 | 19-21 | 22-24 | 25-27 || total
---------------------------+-------+-------+-------+-------+-------+-------+-------+-------+-------++-------
  Melee: Whip              |   122 |   245 |     9 |       |       |       |       |       |       ||   376
         Club              |     3 |       |       |       |       |       |       |       |       ||     3
         Punch             |     1 |     3 |     1 |     3 |     1 |       |       |       |       ||     9
         Flail             |       |       |    34 |       |       |       |       |       |       ||    34
         Trident           |       |       |   220 |   622 |  1463 |  1742 |   468 |    21 |       ||  4536
         Broad axe         |       |       |       |       |       |       |  1239 |  1923 |    24 ||  3186
  Throw: Dart              |       |       |     7 |     1 |       |       |       |     1 |       ||     9
         Throwing net      |       |       |       |     2 |       |       |       |       |       ||     2
 Invoke: Potion Petition   |       |       |       |     2 |     2 |    10 |     2 |    12 |     1 ||    29
         Call Merchant     |       |       |       |       |       |     3 |     2 |       |       ||     5
  Evoke: Wand              |    18 |     8 |    14 |    23 |     6 |     1 |     1 |     4 |       ||    75
         Phantom mirror    |       |       |       |     1 |     2 |     4 |     2 |     1 |       ||    10
         Lightning rod     |       |       |       |       |       |       |       |     1 |       ||     1
    Use: Scroll            |     3 |     5 |     8 |    14 |    14 |    16 |     9 |    12 |     1 ||    82
   Stab: Paralysed         |       |       |     8 |       |       |       |     1 |       |       ||     9
         Held in net/web   |       |       |       |     1 |       |       |       |       |       ||     1
         Distracted        |       |       |       |     1 |    13 |    21 |    12 |    22 |       ||    69
         Petrified         |       |       |       |       |     3 |       |       |       |       ||     3
         Confused          |       |       |       |       |     1 |       |       |       |       ||     1
         Invisible         |       |       |       |       |       |     6 |       |    12 |     4 ||    22
 Armour: Leather armour    |    18 |       |       |       |       |       |       |       |       ||    18
         Chain mail        |    35 |   146 |   116 |   203 |    22 |       |       |       |       ||   522
         Gold dragon scale |       |       |       |       |   354 |   371 |   368 |   491 |     7 ||  1591
  Dodge: Dodged            |    61 |    89 |    89 |   125 |   113 |   302 |   306 |   482 |     5 ||  1572
  Block: Other             |       |    29 |    55 |    85 |    22 |       |       |       |       ||   191
         Reflection        |       |     3 |     4 |     2 |    26 |   123 |    81 |     6 |       ||   245
         Kite shield       |       |       |       |       |   604 |  1111 |  1237 |  1683 |    23 ||  4658
